 Dungeon Crawl Stone Soup version 0.27.1-33-g824d729ab1 (console) character file.

Game seed: 12372396620939784631

286 om the Chiller (level 6, -17/35 HPs)
             Began as a Vampire Ice Elementalist on Dec 14, 2021.
             Demolished by an ogre (26 damage)
             ... on level 3 of the Dungeon.
             The game lasted 00:10:11 (4161 turns).

om the Chiller (Vampire Ice Elementalist)           Turns: 4161, Time: 00:10:12

Health: -17/35     AC:  0    Str:  6 (8)  XL:     6   Next: 8%
Magic:  8/10       EV: 22    Int: 17 (19) God:
Gold:   82         SH:  0    Dex: 17 (19) Spells: 7/11 levels left

rFire    . . .     SeeInvis +   (weapon currently unavailable)
rCold    + + .     Faith    .   (shield currently unavailable)
rNeg     + + +     Spirit   .   (armour currently unavailable)
rPois    ∞         Reflect  .   (helmet currently unavailable)
rElec    .         Harm     .   (cloak currently unavailable)
rCorr    .         Rampage  .   (gloves currently unavailable)
Will     .....                  (boots currently unavailable)
Stlth    +++++.....             (no amulet)
HPRegen  0.00/turn              (ring currently unavailable)
MPRegen  0.12/turn              (ring currently unavailable)

@: bat-form, flying, bloodless, inhibited regen, very quick
A: fast, flying, no casting, bloodless, tiny, fangs 3, see invisible, vampiric 2
a: Revivify, End Transformation


You were on level 3 of the Dungeon.
You were a vampire bat.
You visited 1 branch of the dungeon, and saw 4 of its levels.

You collected 82 gold pieces.

Inventory:

Hand Weapons
 d - a +0 dagger
 m - a +1 hand axe of flaming (melded)
 n - a +2 dagger of venom
Missiles
 f - 15 poisoned darts
Armour
 a - a +0 robe (melded)
 e - a +0 helmet (melded)
Jewellery
 g - a +6 ring of strength (melded)
Scrolls
 l - a scroll of teleportation {unknown}
Potions
 b - a potion of curing
 c - a potion of heal wounds {unknown}
 h - a potion of ambrosia
 i - a potion of cancellation {unknown}
 j - a potion of lignification {unknown}
 k - a potion of flight {unknown}


   Skills:
 * Level 1.7 Fighting
 * Level 4.8 Dodging
 - Level 4.0 Stealth
 - Level 3.0 Spellcasting
 + Level 4.8 Ice Magic


You had 7 spell levels left.
You knew the following spells:

 Your Spells              Type           Power      Damage    Failure   Level
a - Freeze                Ice            76%        1d9       2%          1
b - Frozen Ramparts       Ice            38%        1d5       7%          3

Your spell library contained the following spells:

 Spells                   Type           Power      Damage    Failure   Level
 Ozocubu's Armour         Ice            19%        N/A       7%          3
 Hailstorm                Conj/Ice       10%        3d5       54%         4
 Ice Form                 Ice/Tmut       10%        N/A       54%         4
 Summon Ice Beast         Ice/Summ       10%        N/A       54%         4


Dungeon Overview and Level Annotations

Branches:
Dungeon (4/15)
 Temple: D:4-7

Altars:
Zin

Annotations:
D:4 3 runed translucent doors, Edmund; pkoi's ghost, amateur DrMo


Innate Abilities, Weirdness & Mutations

You are a vampire bat.
You are tiny and dextrous.
You move quickly.
You are flying.
You are immune to poison.
Your equipment is almost entirely melded.
You are incapable of wielding weapons or throwing items.
You cannot cast spells.
You do not regenerate when monsters are visible.
You are frail without blood (-20% HP).
You can heal yourself when you bite living creatures.
You have razor-sharp teeth.
You have supernaturally acute eyesight. (SInv)
You are afflicted with vampirism and can become a bat while bloodless.


Message History

HP restored.
Done exploring.
You see here a +0 war axe.
There is an open door here.
You see here a +0 hand axe.
There is a stone staircase leading down here.
You climb downwards.
Level annotation: 3 runed translucent doors, Edmund; pkoi's ghost, amateur DrMo
There is a stone staircase leading up here.
The helpless ogre fails to defend itself.
You bite the ogre, and draw its blood! You hit the ogre. You burn the ogre.
The ogre is lightly wounded.
The ogre hits you with a +0 giant club!!
Ouch! That really hurt!
The ogre completely misses you.
There is a stone staircase leading up here.
You climb upwards.
There is a stone staircase leading down here.
You start resting.
HP restored.
You climb downwards.
Level annotation: 3 runed translucent doors, Edmund; pkoi's ghost, amateur DrMo The ogre barely misses you.
There is a stone staircase leading up here.
The ogre hits you with a +0 giant club!!
Ouch! That really hurt!
* * * LOW HITPOINT WARNING * * *
You climb upwards.
There is a stone staircase leading down here.
There is an open door here.
You see here a +0 hand axe.
You turn into a vampire bat.
Your +1 hand axe of flaming melds into your body.
Your +0 helmet melds into your body.
Your +0 robe melds into your body.
Your +6 ring of strength melds into your body.
Your +1 hand axe of flaming stops flaming.
You feel weaker.
You feel weakened.
You feel dopey.
You feel clumsy.
The ogre hits you with a +0 giant club!!
Ouch! That really hurt!
You die...

......# #.###..#.#####.#
#.##### ####### #.#
##.#.......# #.#.... #
#.# #.#.##########'#.###
# #.#
#.#.####.........##. #
#.# #...................
#########.#
##..####.........##.
..........#
#.)#..)............
...########
##.#.##........##.. ...#
########b#...##..........
...#
#.......O.##>##.#######.#
...# #.......>.##.##.#
#.# #'##
#.........##.##.# ###.#
..## #.........##.##.#
#....
...######.........##.##.#
###.##.
.......#######....'..##.#
#...... ....##.#
#....#####.###.####.
.).....# ###....##
#.....####.


You could see an ogre.

Vanquished Creatures
  4 orc priests
  An orc wizard (D:4)
  2 gnolls (D:2)
  A howler monkey skeleton (D:3)
  4 adders
  2 worms
  3 dart slugs
  13 orcs
  8 endoplasms
  3 giant cockroaches
  3 goblins
  4 hobgoblins
  2 quokkas
  3 ball pythons
  4 bats
  A frilled lizard (D:3)
  A kobold (D:3)
  3 rats
62 creatures vanquished.

Notes
Turn   | Place    | Note
-------+----------+-------------------------------------------
     0 | D:1      | om the Vampire Ice Elementalist began the quest for the
                  | Orb.
     0 | D:1      | Reached XP level 1. HP: 13/13 MP: 3/3
   315 | D:1      | Reached XP level 2. HP: 19/19 MP: 5/5
   912 | D:2      | Found a faded altar of an unknown god.
   962 | D:2      | Gained mutation: You are afflicted with vampirism and can
                  | become a bat while bloodless. [Vampire growth]
   962 | D:2      | Reached XP level 3. HP: 15/19 MP: 3/6
  1159 | D:2      | Learned a level 3 spell: Frozen Ramparts
  1881 | D:3      | Reached XP level 4. HP: 20/24 MP: 8/8
  2723 | D:3      | Reached XP level 5. HP: 28/28 MP: 4/9
  3104 | D:4      | Noticed an ogre
  3300 | D:4      | Reached skill level 1 in Fighting
  3480 | D:4      | Reached XP level 6. HP: 35/35 MP: 5/10
  3723 | D:4      | Found a runed translucent gate.
  3723 | D:4      | Found a runed translucent gate.
  3737 | D:4      | Found a runed translucent gate.
  3741 | D:4      | Noticed Edmund
  3747 | D:4      | Noticed pkoi's ghost (amateur DrMo)
  4161 | D:3      | Demolished by an ogre

Illustrated notes

Levels and vault maps discovered:
D:1:      amcnicky_arrival_blooded_trapdoor, layout_loops_ring,
          amcnicky_mini_pool_small
D:2:      layout_loops_ring, ebering_ecumenical_altar_abandoned
D:3:      layout_basic, zin_academy, minmay_diced_spiral
D:4:      layout_loops_cross, lemuel_round_altar, gammafunk_ghost_necromancy,
          chequers_decorated_corner, chequers_serial_rivers_small_a,
          minmay_misc_feat_rows, minmay_a_box_with_orc_wizards_in_it,
          uniq_edmund

Skill      XL: |  1  2  3  4  5 |
---------------+----------------+-----
Dodging        | 3 4 |  4.8
Stealth        | 4 |  4.0
Spellcasting   | 3 |  3.0
Fighting       | 1 |  1.7
Ice Magic      | |  4.8

Action                   |  1- 3 |  4- 6 || total
-------------------------+-------+-------++-------
Melee: Dagger            |    38 |    42 ||    80
       Unarmed           |     1 |       ||     1
       Bite              |     6 |     7 ||    13
       Hand axe          |       |     9 ||     9
 Cast: Freeze            |    24 |    13 ||    37
       Frozen Ramparts   |     2 |     7 ||     9
 Abil: Exsanguinate      |     1 |       ||     1
       Bat Form          |       |     1 ||     1
  Use: Scroll            |     1 |     2 ||     3
 Stab: Sleeping          |    13 |     4 ||    17
       Distracted        |       |     1 ||     1
Armor: Robe              |     5 |     8 ||    13
Dodge: Dodged            |    30 |    31 ||    61
